[Event "15th Tashkent Open Agzamov 2022"]
[Site "Tashkent"]
[Date "2022.05.05"]
[Round "3.6"]
[White "Fayzullaev, Akmal"]
[Black "Bernadskiy, Vitaliy"]
[Result "0-1"]
[ECO "D13"]
[WhiteElo "2417"]
[BlackElo "2636"]
[Annotator "TA"]
[PlyCount "162"]
[EventDate "2022.05.05"]
[EventType "swiss"]
[EventCountry "UZB"]
[SourceTitle "playchess.com"]
[Source "ChessBase"]
[SourceQuality "1"]
[TimeControl "5400+30"]

1. d4 d5 2. Nf3 Nf6 3. c4 c6 4. cxd5 cxd5 5. Nc3 Nc6 6. Bf4 Nh5 7. Bd2 {[%emt 0:01:22] D13: Slav Defence: Exchange variation without ...Bf5.} e6 8. e3 Be7 $5 {[%emt 0:01:33][%mdl 4] 8...Nf6 is setting a new trend. Leaves trodden paths.} 9. Bd3 {[%emt 0:00:05] White is slightly better.} O-O 10. Rc1 g6 {[%emt 0:02:33] [#]} 11. Ne5 $146 ({Predecessor:} 11. a3 Nf6 12. Qa4 Ne4 13. b4 Nxd2 14. Kxd2 {½-½ (14) Dang,H (2341)-Mirzoev,A (2457) Johor 2019}) 11... Nxe5 12. dxe5 d4 13. exd4 Qxd4 14. Qe2 Rd8 15. Bb1 b6 {[%emt 0:10:52] White should prevent ...Bb7.} 16. Rd1 Bb7 {[%emt 0:02:31] next ...Qb4 is good for Black.} 17. Be4 (17. Bc1 $11 Qb4 18. O-O) 17... Bxe4 $1 $15 18. Qxe4 Bb4 19. Qxd4 Rxd4 20. g3 $1 {[%emt 0:00:38] Inhibits Nf4.} Ng7 21. Ne2 Re4 22. Bxb4 Rxb4 23. Rd2 Nf5 24. O-O Rc8 25. Nc3 Nd4 {[%emt 0:04:47] Strongly threatening ...Nf3+.} 26. Kg2 {[%emt 0:01:13] Prevents Nf3.} Nc6 27. Re1 Kg7 28. Ree2 g5 29. a3 Rb3 30. Rd7 a6 31. f4 gxf4 32. gxf4 Rd8 33. Rxd8 Nxd8 $11 {[%emt 0:00:04][%mdl 4096] Endgame KRN-KRN} 34. Kf3 Nc6 {[%emt 0:01:58] White must now prevent ...Nd4+.} 35. Rg2+ Kf8 36. Ke4 Ne7 (36... b5 $11) 37. Rf2 (37. Rd2 $16) 37... b5 38. Kd4 Nf5+ 39. Kd3 a5 40. Kc2 $1 a4 41. Kd3 (41. Ne4 $11 {remains equal.}) 41... h5 {[%emt 0:00:06] Black converts the advantage convincingly.} 42. Rd2 (42. Kc2 $15) 42... h4 {[%emt 0:00:43] Black is more active.} (42... b4 43. axb4 Rxb4 44. Rf2 $17) 43. Ke4 $2 (43. Ke2 $17) 43... b4 $19 44. axb4 a3 $1 (44... Rxb4+ 45. Kf3 $17) 45. Kd3 $2 ({But not} 45. Rd8+ Ke7 46. Rd1 (46. Rb8 {gets mated.} axb2 47. Nd5+ exd5+ 48. Kxd5 b1=Q 49. Rb7+ Kd8 50. Rxf7 Rxb4 51. Rf8+ Ke7) 46... Rxb4+ 47. Kd3 Rxf4 48. bxa3 Rf3+ 49. Kd2 Rf2+ 50. Ke1 Rxh2 $19) (45. bxa3 Rxc3 46. Rd8+ Kg7 47. Rd3) 45... axb2 46. Rd1 Rxb4 47. Rf1 $2 (47. Rb1) 47... Rd4+ (47... Rb3 $142 {[%cal Of5e3] Threatens to win with ...Ne3!} 48. Kc4 Rb8) 48. Ke2 Ne7 49. Ke3 (49. Rb1 $142) 49... Rb4 50. Rb1 Ng6 51. Ne2 Kg7 52. Kd3 (52. Nc3 $142) 52... Nxf4+ 53. Nxf4 Rxf4 54. Rxb2 {[%emt 0:00:06] KR-KR} Kg6 55. Ke3 Kf5 56. Rb7 Kg4 {[%emt 0:00:06] ...Rf3+ is the strong threat.} 57. Rb8 Rf5 ({Not} 57... Kf5 58. Rb7 Kg4 59. Rb2 $19) 58. Ke4 (58. Rb4+ $142 Kg5 59. Re4) 58... Rf2 {[%emt 0:00:14] Hoping for ...Re2+.} 59. Ke3 {[%emt 0:00:50] Prevents Re2+.} Rxh2 60. Rf8 Kf5 61. Rxf7+ Kxe5 62. Rh7 Rh3+ 63. Kf2 Ke4 64. Kg2 Rg3+ 65. Kf2 Rg4 (65... Rf3+ $142 66. Ke2 Re3+ 67. Kf2 h3 68. Rh6 Kd4 69. Rh5 e5 70. Rh8 Rd3 71. Rd8+ Kc3 72. Rh8 Kd4 73. Rd8+ Kc3 74. Rc8+ Kd2 75. Re8 h2 76. Kg2 Rh3 $3 77. Kh1 Rh5 78. Re7 Ke2 79. Re6 Ke3 80. Re7 e4 81. Ra7 Kf4 82. Rf7+ Ke5 83. Ra7 Rh3 84. Re7+ Kd4 85. Rd7+ Kc3 86. Ra7 e3 87. Ra2 Kd3 88. Ra3+ Ke2 89. Ra2+ Kf1 90. Ra1+ Kf2 91. Rf1+ Ke2 92. Rb1 Kf3 93. Rf1+ Ke4 94. Re1 Kf3 95. Rf1+ Ke2 96. Ra1 Kf2 97. Rf1+ Ke2) 66. Rh8 e5 67. Ra8 h3 $2 (67... Kf5 $19 {( -> ...h3)} 68. Rh8 Rf4+ 69. Ke3 Kg4 70. Rg8+ Kh3) 68. Rh8 $2 (68. Ra3 $11) 68... Rg2+ {[%emt 0:00:09] Black mates.} 69. Kf1 {[%emt 0:00:03] [#]} Rg3 $1 70. Kf2 Ra3 71. Rh4+ Kf5 72. Rh5+ Kf4 73. Rh4+ Kg5 74. Re4 Kf5 75. Rh4 e4 76. Rh8 Rf3+ 77. Ke2 Kf4 78. Rf8+ Kg3 79. Rg8+ Kh2 80. Re8 Kg2 81. Rg8+ Rg3 {[%emt 0:00:11] Weighted Error Value: White=0.71/Black=0.29 (precise)} 0-1

[Event "15th Tashkent Open Agzamov 2022"]
[Site "Tashkent"]
[Date "2022.05.05"]
[Round "3.7"]
[White "Urazayev, Arystanbek"]
[Black "Mchedlishvili, Mikheil"]
[Result "0-1"]
[ECO "E73"]
[WhiteElo "2445"]
[BlackElo "2595"]
[Annotator "TA"]
[PlyCount "130"]
[EventDate "2022.05.05"]
[EventType "swiss"]
[EventCountry "UZB"]
[SourceTitle "playchess.com"]
[Source "ChessBase"]
[SourceQuality "1"]
[TimeControl "5400+30"]

1. d4 Nf6 2. c4 g6 3. Nc3 Bg7 4. e4 d6 5. Be2 O-O 6. h4 c5 {[%emt 0:03:47] 6...c5 is better than 6...h5.} 7. d5 e6 8. h5 Re8 $5 {[%emt 0:02:26][%mdl 4] A promising side line. E73: King's Indian: Averbakh Variation without 6...c5.} 9. h6 Bh8 10. Bg5 exd5 {[%emt 0:01:49] The position is equal.} 11. exd5 (11. cxd5 Nbd7 $14) 11... Qb6 12. b3 Ne4 13. Nxe4 Rxe4 14. Kf1 Re8 15. Rh4 Nd7 16. Rc1 {[%emt 0:01:55] [#]} f5 $146 ({Predecessor:} 16... Ne5 17. g3 a6 18. Kg2 Qa5 19. a4 Bf5 20. Nh3 Bxh3+ 21. Rxh3 Nd7 22. Bd3 Qb6 {1-0 (30) Grischuk,A (2759)-Gelfand,B (2686) Amsterdam 2019}) 17. Bd2 Qd8 18. Rh3 Nf6 19. Bc3 (19. Bg5 $11) 19... f4 $15 {[%emt 0:04:05] Hoping for ...Ne4.} 20. Qc2 Bxh3 21. Nxh3 Qe7 ({Better is} 21... Ne4 $17 22. Bxh8 Kxh8) 22. Qb2 (22. Nxf4 Ne4 23. Bxh8 Qh4 $17) 22... Qf8 23. Bf3 Re7 24. Kg1 Rae8 25. Qa1 {[%emt 0:09:00] [#]} ({Much worse is} 25. Nxf4 Ne4 $1 26. Ne6 Rxe6 27. dxe6 (27. Bxh8 $2 R6e7 $19) 27... Nxc3 28. Rxc3 Re7 $17) (25. Rf1 $11) 25... Rf7 (25... Re5 $1 $15) 26. Ng5 $11 Qxh6 27. Nxf7 Kxf7 28. Re1 {[%emt 0:01:22] Threatens to win with Rxe8.} Qf8 29. Re6 Rxe6 30. dxe6+ {[%emt 0:00:03][%mdl 64] Discovered Attack} Kxe6 31. Bxb7 Bg7 32. Bd5+ Kd7 33. Bf3 {[%emt 0:00:04] A strong pair of Bishops.} Ne8 34. Bg4+ Kc6 35. Qe1 {[%emt 0:01:57] Threatening mate with Qe4+.} Bxc3 36. Qxc3 {[%emt 0:00:36] Strongly threatening Qf3+.} Nf6 37. Bf3+ Kd7 38. b4 cxb4 39. Qxb4 Qe7 40. a4 Ke6 41. a5 Qc7 42. a6 Kf5 43. Bb7 (43. Qb1+ $11 Kg5 44. Qb4) 43... Qc5 $17 44. Qb1+ (44. Qb5 $142) 44... Kg5 45. Qd3 Ng4 (45... Qe5 $142 {aiming for ...Qa1+.} 46. Bf3 h5) 46. Qe2 (46. Qd2 $17 {is the only way for White.}) 46... Qe5 47. Qd1 Qc5 48. Qe2 Ne5 49. Bd5 Qd4 {[%emt 0:00:49] Against Qd2} 50. Qe1 h5 51. Be6 (51. Kh2 $142) 51... Kf6 $19 ({Stronger than} 51... Nxc4 52. Bxc4 Qxc4 53. Qe7+ Kh6 54. Qxa7 Qc1+ 55. Kh2 $11) 52. Bh3 (52. Bd5 {was necessary.}) 52... Qxc4 53. Qa5 Ke7 {[%emt 0:00:27] Against Qd8+} 54. Qa1 g5 {[%emt 0:00:34][%cal Bg6g5,Bg5g4,Bg4g3][%mdl 32] White must now prevent ...g4.} 55. Bf5 g4 56. Kh1 (56. Qf1 $142 Qxf1+ 57. Kxf1) 56... g3 57. f3 Kf6 {[%emt 0:00:16] Prevents Bg6.} 58. Qb1 Qxa6 59. Bh7 Ke7 60. Qc1 Qc4 61. Qb1 Qc6 (61... a5 $142 62. Qb7+ Kf6 63. Qb1 a4 64. Qa1 Ke7 65. Qg1 a3 66. Be4 a2 67. Qa1 Kf7 68. Bb7 Kf6 69. Be4 d5 70. Bh7 d4 71. Qg1 Qc3 72. Be4 a1=Q 73. Bb1 Qb4 74. Bd3 Qxg1+ 75. Kxg1 Nxd3 76. Kh1 Qe1#) 62. Be4 Qb6 63. Qc1 Qe3 64. Qb1 a5 (64... h4 $142 65. Bd5 Qd2 66. Bb7 h3 67. Qg1 a5 68. gxh3 a4 69. Qg2 Qc1+ 70. Qg1 Qb2 71. Bd5 a3 72. h4 Qd2 73. Bg8 a2 74. Bxa2 Qxa2 75. Qg2 Qb1+ 76. Qg1 Qd3 77. Qa7+ Kf6 78. Qg1 Nxf3 79. Qc1 g2+ 80. Kxg2 Qe2+ 81. Kh3 Qh2+ 82. Kg4 Qg3+ 83. Kh5 Qxh4#) 65. Bc2 h4 {[%emt 0:00:17] Weighted Error Value: White=0.52/Black=0.21 (precise)} 0-1

[Event "15th Tashkent Open Agzamov 2022"]
[Site "Tashkent"]
[Date "2022.05.05"]
[Round "3.8"]
[White "Vakhidov, Jakhongir"]
[Black "Begmuratov, Khumoyun"]
[Result "1-0"]
[ECO "E63"]
[WhiteElo "2552"]
[BlackElo "2384"]
[Annotator "TA"]
[PlyCount "69"]
[EventDate "2022.05.05"]
[EventType "swiss"]
[EventCountry "UZB"]
[SourceTitle "playchess.com"]
[Source "ChessBase"]
[SourceQuality "1"]
[TimeControl "5400+30"]

1. c4 Nf6 2. Nc3 g6 3. g3 Bg7 4. Bg2 O-O 5. d4 d6 6. Nf3 Nc6 7. d5 Na5 8. b3 c5 9. Bb2 a6 10. O-O Rb8 11. a4 {[%emt 0:00:10] Prevents b5. E63: King's Indian: Fianchetto: Panno Variation with 7...a6.} Ne4 12. Qc2 Nxc3 13. Bxc3 {[%emt 0:00:08] White is slightly better.} Bf5 14. Qb2 Bxc3 15. Qxc3 {[%emt 0:00:08] [#]} Be4 $146 ({Black should try} 15... Qb6 $14) ({Predecessor:} 15... Qb6 16. Nd2 Qb4 17. Rfc1 Qxc3 18. Rxc3 Bd7 19. f4 b6 20. e4 e5 21. h4 Kg7 {½-½ (32) Anderson,C (2180)-Nordal,S (2198) ICCF email 2021}) 16. Bh3 $16 Bxf3 17. exf3 Qb6 18. Rfb1 {[%emt 0:40:40][%cal Bf1b1,Bb1e1,Be1e3][%mdl 32] White is more active.} Rfe8 19. f4 f6 $2 {[%emt 0:14:52] [#]} (19... Qb4 $16 20. Qe3 f5) 20. Be6+ $18 Kg7 21. h4 Qc7 (21... Qb4 $142 22. Qe3 Rf8) 22. g4 b6 23. Re1 Nb7 24. Re3 Rf8 (24... Nd8 $142 25. Rae1 Rb7) 25. Rae1 Rbe8 26. g5 Nd8 27. f5 gxf5 28. f4 Kh8 29. Kh2 h6 30. Rg3 {[%emt 0:01:29] Qf3 would kill now.} b5 (30... Nxe6 $18 31. Rxe6 Qd8) 31. Qf3 {[%emt 0:00:34] White mates.} Qa5 {[%emt 0:03:18] [#]} 32. Qh5 $1 Nf7 (32... Rf7 33. Bxf7) 33. g6 Qxe1 34. g7+ Kh7 35. Qg6+ {[%emt 0:00:32] Black got outplayed after the opening.  Weighted Error Value: White=0.24 (precise) /Black=0.69} 1-0

[Event "15th Tashkent Open Agzamov 2022"]
[Site "Tashkent"]
[Date "2022.05.05"]
[Round "3.9"]
[White "Vokhidov, Shamsiddin"]
[Black "Manafov, Vugar"]
[Result "1-0"]
[ECO "B04"]
[WhiteElo "2536"]
[BlackElo "2311"]
[Annotator "TA"]
[PlyCount "43"]
[EventDate "2022.05.05"]
[EventType "swiss"]
[EventCountry "UZB"]
[SourceTitle "playchess.com"]
[Source "ChessBase"]
[SourceQuality "1"]
[TimeControl "5400+30"]

1. e4 Nf6 2. e5 Nd5 3. d4 d6 4. Nf3 Nb6 5. a4 a5 6. Nc3 g6 {[%emt 0:00:43] B04: Alekhine's Defence: 4 Nf3.} 7. h4 Bg4 8. h5 gxh5 {[%emt 0:00:19] White is slightly better.} 9. Be2 {[%emt 0:00:17] [#] Hoping for Ng5. White is more active.} Bg7 $146 ({Predecessor:} 9... Nc6 10. Ng5 Bxe2 11. Qxe2 Nxd4 12. Qxh5 Nxc2+ 13. Kd1 Nxa1 14. e6 Qb8 15. Nxf7 c6 16. Nxd6+ Kd8 17. Qe8+ Kc7 18. Ncb5+ {1-0 (18) Baskin,R (2390)-Gumularz,S (2513) Chess.com INT 2020}) 10. Be3 {[%emt 0:16:09][%mdl 1024] White has strong compensation.} (10. Nh4 $5 Qc8 11. exd6 $11) 10... Qc8 11. Qd2 Na6 12. Ne4 Nb4 13. Ng3 {[%emt 0:06:27] Against Qf5} (13. c3 {is interesting.} N4d5 14. Ng3 Rg8 15. Nxh5 Qd7 16. Bb5) 13... dxe5 14. Nxh5 Bxh5 15. Rxh5 exd4 (15... e4 $1 $11 {remains equal.} 16. Ne5 Qe6) 16. Nxd4 $16 ({Of course not} 16. Bxd4 Bxd4 17. Nxd4 Qd7 $11) 16... Qd7 {[%emt 0:02:38] [#] Strongly threatening ...Bxd4.} 17. O-O-O N6d5 (17... e6 $16) 18. c3 $18 Nxe3 $2 (18... O-O-O {was worth a try.}) 19. Qxe3 {[%emt 0:03:58] aiming for Nf5.} Nd5 20. Qg5 Bxd4 21. Rxd4 c6 22. Rxd5 {[%emt 0:00:26] Weighted Error Value: White=0.11 (very precise) /Black=0.42} 1-0

[Event "15th Tashkent Open Agzamov 2022"]
[Site "Tashkent"]
[Date "2022.05.05"]
[Round "3.10"]
[White "Ibadov, Dashgyn"]
[Black "Aditya Mittal"]
[Result "0-1"]
[ECO "B90"]
[WhiteElo "2266"]
[BlackElo "2490"]
[Annotator "TA"]
[PlyCount "104"]
[EventDate "2022.05.05"]
[EventType "swiss"]
[EventCountry "UZB"]
[SourceTitle "playchess.com"]
[Source "ChessBase"]
[SourceQuality "1"]
[TimeControl "5400+30"]

1. e4 c5 2. Nf3 d6 3. d4 cxd4 4. Nxd4 Nf6 5. Nc3 a6 6. h3 e5 {[%emt 0:00:05] 6...e5 is better than 6...e6.} 7. Nde2 h5 {[%emt 0:00:11] Against g4. B90: Sicilian Najdorf: Unusual White 6th moves, 6 Be3 Ng4 and 6 Be3 e5.} 8. Bg5 Be6 9. Bxf6 Qxf6 {[%emt 0:00:03] The position is equal.} 10. Nd5 Qd8 11. Nec3 g6 12. Bc4 Bh6 13. O-O Nc6 14. Qd3 Rc8 15. Rad1 O-O 16. Bb3 Nd4 17. f4 Nxb3 18. axb3 exf4 19. Nxf4 Bxf4 20. Rxf4 Qg5 {[%emt 0:00:16] [#]} 21. Rf2 $146 ({Predecessor:} 21. Rf3 Rfd8 22. Rdf1 Rd7 23. Kh1 b5 24. Rf6 Qe5 25. Nd5 Rb7 26. R6f2 h4 27. c3 {0-1 (36) Filgueiras,N (2311)-Kozionov,K (2470) Chess.com INT 2020}) 21... Rfe8 22. Rfd2 Rc6 23. Ne2 d5 24. exd5 Bxd5 25. Nc3 Be6 26. Qd4 Bf5 {[%emt 0:09:16] Against Ne4} 27. Kh1 Qg3 28. Nd5 Re1+ 29. Rxe1 Qxe1+ 30. Kh2 Re6 31. c4 h4 {[%emt 0:02:57] ( -> ...Qg3+)} 32. Rf2 Qe5+ 33. Qxe5 Rxe5 $15 {[%emt 0:00:02][%mdl 4096] Endgame KRB-KRN} 34. Rf4 Re2 35. Rxh4 Kg7 36. Rd4 $1 Rxb2 37. b4 Be6 38. Kg3 b5 39. cxb5 axb5 {[%emt 0:00:00] Hoping for ...Bxd5.} 40. Nc7 Bc4 41. Kh2 {[%emt 0:01:23] [#]} ({White should try} 41. Ne8+ $15 Kg8 42. Nd6) 41... Bf1 $1 $19 ({Inferior is} 41... Rxb4 42. Nxb5 Rxb5 43. Rxc4 $11) 42. Rg4 (42. Kg1 {was worth a try.} Bxg2 43. h4) 42... f5 43. Rg3 Rxb4 44. Nd5 {[%emt 0:01:04] [#]} Re4 45. Ra3 Bc4 46. Ra7+ Kh6 47. Nf6 Re6 48. Ng8+ (48. Rf7 $142) 48... Kg5 49. Kg3 (49. Ne7 $142 b4 50. Rc7) 49... f4+ 50. Kh2 Re2 51. Ne7 f3 52. h4+ Kf6 {[%emt 0:00:00] Weighted Error Value: White=0.48/Black=0.01 (flawless)} (52... Kg4 $142 53. Rc7 Rxg2+ 54. Kh1 Kg3 55. Nf5+ Kh3 56. Rxc4 bxc4 57. Nd4 f2 58. Nf3 f1=Q+ 59. Ng1+ Rxg1#) 0-1

[Event "15th Tashkent Open Agzamov 2022"]
[Site "Tashkent"]
[Date "2022.05.06"]
[Round "4.1"]
[White "Sindarov, Javokhir"]
[Black "Suleymenov, Alisher"]
[Result "1-0"]
[ECO "B33"]
[WhiteElo "2609"]
[BlackElo "2445"]
[Annotator "TA"]
[PlyCount "111"]
[EventDate "2022.05.05"]
[EventType "swiss"]
[EventCountry "UZB"]
[SourceTitle "playchess.com"]
[Source "ChessBase"]
[SourceQuality "1"]
[TimeControl "5400+30"]

1. e4 c5 2. Nf3 Nc6 3. d4 cxd4 4. Nxd4 Nf6 5. Nc3 e5 6. Ndb5 d6 7. Bg5 a6 8. Na3 b5 9. Nd5 Be7 10. Bxf6 Bxf6 11. c3 O-O 12. Nc2 Rb8 13. h4 g6 14. g3 {[%emt 0:03:43] B33: Sicilian: Pelikan and Sveshnikov Variations.} Bg7 15. h5 Bb7 16. Nce3 {[%emt 0:07:48] Pair of Knights! White is slightly better.} Ne7 17. Qd2 Nxd5 18. Nxd5 Rc8 19. Bg2 {[%emt 0:20:42] [#]} Rc5 $146 ({Predecessor:} 19... Bxd5 20. Qxd5 Rc5 21. Qd3 Qc7 22. Rd1 Rd8 23. hxg6 hxg6 24. Bf3 a5 25. Kf1 b4 26. cxb4 axb4 27. Kg2 Bf6 28. Qe3 Qc6 29. Rd2 Rc4 30. Qh6 {½-½ (30) Kuhne,D (2174)-Priepke,W (2215) GER email 2015}) 20. Ne3 (20. hxg6 {is more complex.} fxg6 21. b4 Rc4 22. a4) 20... f5 21. hxg6 hxg6 22. O-O-O f4 23. Nc2 Rf6 ({Black should play} 23... f3 $14 24. Bf1 Bxe4) 24. gxf4 $16 Qf8 25. Rh4 (25. Kb1 $16) 25... a5 (25... Qf7 $14) 26. Kb1 ({White should try} 26. f5 $1 $18) 26... Rxf4 $14 27. Rxf4 exf4 28. Nd4 (28. Qxd6 $6 Qxd6 29. Rxd6 Rg5 $15) (28. f3 $14) 28... Re5 29. f3 d5 30. Bh3 (30. exd5 $11 Bxd5 31. Nxb5) 30... Qf6 (30... dxe4 $15 31. Ne6 (31. Be6+ Kh8 $17) 31... Qe7 32. Qxf4 g5) 31. Be6+ Rxe6 $17 32. Nxe6 Qxe6 33. Qxf4 Be5 {[%emt 0:04:56] Inhibits Qb8+.} (33... dxe4 $2 34. Rd8+ Kh7 35. Qh2+ Bh6 36. Qc7+ Bg7 37. Qxb7 $18 (37. Rd7 exf3 38. Qxb7 Qf5+ 39. Kc1 Kh6 $16)) (33... Bc6 $17) 34. Qg5 Qf6 (34... dxe4 $2 35. Qd8+ Kg7 36. Rd7+ Qf7 37. Rxf7+ $18) (34... Qd6 $5 ) 35. Qxf6 Bxf6 36. exd5 Kf7 37. Kc2 Ke7 38. a4 bxa4 39. Re1+ $1 Kf7 40. c4 Be7 41. Ra1 Bb4 $2 {Black cannot hold the game after this.} (41... Bc8 $11 {and Black has nothing to worry.}) 42. Kd3 $1 $18 {[%emt 0:05:07][%mdl 1024] Strongly threatening Kd4. White has strong compensation.} ({Worse is} 42. Rxa4 Ke7 $11) 42... Ke7 {[%emt 0:02:06] [#]} 43. Rg1 $1 ({Weaker is} 43. Rxa4 Bc8 $11) 43... Bc8 (43... Kf7 {might work better.} 44. Rh1 Bf8) 44. Kd4 Bf5 45. c5 {[%emt 0:00:00] Threatens to win with Kc4.} a3 (45... Bd2 $142 46. Ra1 Kd7 47. Rxa4 g5) 46. bxa3 Bxa3 47. Kc4 Bb2 48. Kb5 Bc3 (48... Bd4 $2 49. Rd1 Bf6 50. Kxa5 $18) 49. d6+ Kd7 (49... Kd8 $142 50. c6 Bb4) 50. Rd1 {[%emt 0:00:00] c6+ would kill now.} Kd8 51. c6 {[%emt 0:00:00] Intending d7 and mate.} a4 52. d7 {[%emt 0:00:00] White mates.} Bf6 {[%emt 0:00:34] [#]} 53. Kb6 $1 Be5 54. Re1 Bc7+ 55. Kb7 Bxd7 56. Rd1 {[%emt 0:00:00][%mdl 64] Pin.  Weighted Error Value: White=0.18 (very precise) /Black=0.47} 1-0

[Event "15th Tashkent Open Agzamov 2022"]
[Site "Tashkent"]
[Date "2022.05.06"]
[Round "4.2"]
[White "Bernadskiy, Vitaliy"]
[Black "Vokhidov, Shamsiddin"]
[Result "1/2-1/2"]
[ECO "B67"]
[WhiteElo "2636"]
[BlackElo "2536"]
[Annotator "TA"]
[PlyCount "65"]
[EventDate "2022.05.05"]
[EventType "swiss"]
[EventCountry "UZB"]
[SourceTitle "playchess.com"]
[Source "ChessBase"]
[SourceQuality "1"]
[TimeControl "5400+30"]

1. e4 c5 2. Nf3 Nc6 3. d4 cxd4 4. Nxd4 Nf6 5. Nc3 d6 6. Bg5 e6 7. Qd2 a6 8. O-O-O Bd7 9. f3 Nxd4 10. Qxd4 Be7 11. h4 Qc7 {[%emt 0:00:30] B67: Sicilian: Richter-Rauzer: 7...a6 8 0-0-0 Bd7, lines without 9 f4 Be7.} 12. h5 {[%emt 0:02:19] [#] And now h6 would win.} h6 {[%emt 0:02:24] [#]} 13. Bh4 $146 ({Predecessor:} 13. Be3 b5 14. g4 Rb8 15. Kb1 b4 16. Ne2 e5 17. Qd2 Be6 18. g5 hxg5 19. Bxg5 Rxh5 20. Rxh5 Nxh5 21. Bxe7 Kxe7 {0-1 (58) Coman,M (2133)-Schitco,I (2469) Arad 2021}) 13... b5 14. Kb1 Rb8 15. g4 b4 16. Ne2 ({Not} 16. Bxf6 $2 Bxf6 17. Qxd6 Qxd6 18. Rxd6 bxc3 $19) 16... a5 17. Ng3 a4 18. Bc4 Bb5 19. Bxb5+ Rxb5 20. f4 Qc5 (20... b3 {keeps more tension.} 21. cxb3 axb3 22. a3 Qc2+) 21. Qxc5 {[%emt 0:08:23] The position is equal.} Rxc5 22. Rd4 Rb5 23. Rhd1 Nxg4 24. Bxe7 {[%emt 0:00:31][%mdl 64] [#] Remove Defender} Kxe7 25. Rxd6 {[%emt 0:00:40] Hoping for Rd7+.} Rc8 {[%emt 0:09:17] aiming for ...Ne3.} 26. Ra6 Rbc5 27. Rxa4 Ne3 28. Ra7+ Ke8 29. Rdd7 {[%emt 0:00:10] Threatens to win with Re7+.} Rxc2 30. Re7+ Kf8 31. Rxf7+ Ke8 32. Rae7+ Kd8 33. Rd7+ $2 {[%emt 0:26:25] Weighted Error Value: White=0.07 (flawless) /Black=0.03 (flawless)} (33. a3 $11) 1/2-1/2

[Event "15th Tashkent Open Agzamov 2022"]
[Site "Tashkent"]
[Date "2022.05.06"]
[Round "4.3"]
[White "Aditya Mittal"]
[Black "Indjic, Aleksandar"]
[Result "1/2-1/2"]
[ECO "D24"]
[WhiteElo "2490"]
[BlackElo "2621"]
[Annotator "TA"]
[PlyCount "91"]
[EventDate "2022.05.05"]
[EventType "swiss"]
[EventCountry "UZB"]
[SourceTitle "playchess.com"]
[Source "ChessBase"]
[SourceQuality "1"]
[TimeControl "5400+30"]

1. d4 Nf6 2. c4 e6 3. Nf3 d5 4. Nc3 dxc4 5. e4 b5 (5... Bb4 $11) 6. e5 $14 {[%emt 0:00:04] D24: Queen's Gambit Accepted: 3 Nf3 Nf6 4 Nc3.} Nd5 7. Nxb5 Nb6 8. Be2 {[%emt 0:00:05] White is slightly better.} Nc6 $1 {[%emt 0:01:09] 8...Nc6 scores better than 8...Be7.} 9. O-O Be7 10. Be3 O-O 11. Nc3 Rb8 12. b3 cxb3 13. axb3 Bb7 14. Qb1 {[%emt 0:00:06] [#]} a5 $146 ({Predecessor:} 14... Nb4 15. Rxa7 N6d5 16. Nxd5 Bxd5 17. Nd2 Nc6 18. Ra4 Bb4 19. Ne4 Qh4 20. Bf3 h6 {½-½ (35) Yakubboev,N (2604)-Maghsoodloo,P (2695) Sharjah 2021}) 15. Qe4 Nd5 (15... Nb4 $11 16. Qg4 Kh8) 16. Nxd5 exd5 17. Qf4 {[%emt 0:03:53] White is more active.} Bc8 18. Rfc1 Qe8 19. Rc3 (19. Qg3 {feels hotter.} f6 20. Bh6 Rf7 21. Bd1) 19... Rb6 20. h4 Nd8 21. h5 (21. Rxa5 $2 Ne6 22. Qh2 Bb4 $19) 21... Ne6 22. Qg3 Ba6 23. Bd1 Qb5 24. Rcc1 (24. Bc2 Bb4 25. Rd3 (25. Bd3 $2 Qd7 $19) 25... Rc6 $17) 24... Kh8 25. Bc2 Bc8 26. Bf5 (26. Nh4 $16) 26... h6 $1 27. Kh2 (27. Nh4 $14) 27... Qa6 $11 28. Rc3 (28. Bc2 $14) 28... Qb7 29. Qg4 (29. Rxa5 $2 Bb4 30. Rac5 Nxc5 31. Bxc8 Qxc8 $19) 29... Qb8 30. Nh4 (30. Rxa5 $2 Bb4 31. Rcc5 c6 $19) ({White should play} 30. Rcc1 $11) 30... c5 $15 31. Rac1 (31. Nf3 $11 {keeps the balance.}) 31... cxd4 $17 32. Bxd4 Nxd4 (32... Rxb3 $2 33. Ng6+ $1 fxg6 34. Qxg6 Rxf5 35. Rxc8+ Rf8 36. Rxb8 Rbxb8 37. Qxe6 $18) 33. Rxc8 ({Not} 33. Qxd4 $2 Rb4 $1 34. Qd3 Rxh4+ $19) 33... Qxe5+ 34. f4 Qd6 (34... Qf6 $1 $17 35. Rxf8+ Bxf8) 35. Nf3 $1 $11 {[%emt 0:02:29] Dancing on a razor blade.} Nxf3+ ({Don't do} 35... Nxb3 36. Ne5 Bd8 37. Rd1 $16) 36. Qxf3 Rb8 37. R1c6 Qb4 38. Qxd5 $2 (38. Rxf8+ $11 {and White stays safe.} Rxf8 39. g3) 38... Rbxc8 ({Resist} 38... Qxb3 39. Qe5 Rfxc8 40. Rxh6+ Kg8 41. Bh7+ Kf8 {[#]} 42. Bc2 $1 $18) (38... Qxf4+ $19 {and Black stays clearly on top.} 39. g3 Qf2+ 40. Kh3 Qf1+ 41. Kh2 Qe2+ 42. Qg2 Qxh5+ 43. Qh3 Rbxc8 $1 44. Rxc8 Qf3 45. Rxf8+ Bxf8) 39. Rxc8 $17 Qxf4+ 40. g3 Qf2+ 41. Kh3 Qf1+ 42. Kg4 Rxc8 43. Bxc8 Qc1 44. Ba6 {[%emt 0:00:58] The position is equal.} Kg8 45. Bc4 Qg5+ 46. Qxg5 {[%emt 0:00:06] Weighted Error Value: White=0.25 (precise) /Black=0.17 (very precise)} 1/2-1/2